 Dungeon Crawl Stone Soup version 0.24-a0-397-g73b976d855 (webtiles) character file.

Game seed: 18278188985694763091

64260 emperorscorpion the Cleaver (level 14, -12/108 HPs)
             Began as a Demonspawn Fighter on June 4, 2019.
             Was the Champion of Cheibriados.
             Mangled by an entropy weaver (17 damage)
             ... on level 5 of the Lair of Beasts.
             The game lasted 00:41:59 (21177 turns).

emperorscorpion the Cleaver (Demonspawn Fighter)   Turns: 21177, Time: 00:42:00

Health: -12/108    AC: -1    Str: 44    XL:     14   Next: 71%
Magic:  8/21       EV: 18    Int: 27    God:    Cheibriados [******]
Gold:   1402       SH: 22    Dex: 29    Spells: 18/20 levels left

rFire    + + +     SeeInvis +   a - +7 war axe (drain)
rCold    + . .     Gourm    .   c - +0 shield
rNeg     . . .     Faith    .   U - +0 ice dragon scales
rPois    .         Spirit   .   P - +2 hat {SInv}
rElec    .         Reflect  +   J - +1 cloak {MR+}
rCorr    .         Harm     .   V - +1 pair of gloves
MR       ++...                  (boots unavailable)
Stlth    +.........             t - +6 amulet of reflection
HPRegen  0.28/turn              W - ring of the Many Mice {*Corrode rF+++ rC- AC+3 Slay+6}
MPRegen  0.17/turn              G - +5 ring of strength

@: corroded, very slightly contaminated, very slow
A: hooves 3, repulsion field 2, agile 1, fire resistance 1, foul stench 2,
strong 2, rot immunity
a: Bend Time, Temporal Distortion, Slouch, Step From Time, Renounce Religion


You were on level 5 of the Lair of Beasts.
You worshipped Cheibriados.
Cheibriados was exalted by your worship.
You were hungry.

You visited 3 branches of the dungeon, and saw 21 of its levels.
You also visited: Sewer and Volcano.

You collected 1702 gold pieces.
You spent 300 gold pieces at shops.

Inventory:

Hand Weapons
 a - a +7 war axe of draining (weapon)
 b - a +1 war axe of flaming
 N - a +3 war axe
 Z - a cursed -1 broad axe
Missiles
 i - 16 boomerangs (quivered)
 j - 76 poisoned darts
 o - 2 javelins
 w - 8 curare-tipped darts
 D - 2 throwing nets
Armour
 c - a +0 shield (worn)
 J - a +1 cloak of magic resistance (worn)
 P - a +2 hat of see invisible (worn)
 U - +0 ice dragon scales (worn)
 V - a +1 pair of gloves (worn)
Jewellery
 g - an uncursed ring of poison resistance
 q - a +3 ring of intelligence
 t - a +6 amulet of reflection (around neck)
 y - an uncursed ring of wizardry
 B - an uncursed ring of see invisible
 G - a +5 ring of strength (right hand)
 Q - an uncursed ring of protection from fire
 W - the ring of the Many Mice (left hand) {*Corrode rF+++ rC- AC+3 Slay+6}
   (You found it on level 12 of the Dungeon)

   [ring of protection]

   It affects your AC (+3).
   It affects your accuracy and damage with ranged weapons and melee attacks
   (+6).
   It renders you almost immune to fire.
   It makes you vulnerable to cold.
   It may corrode you when you take damage.
Wands
 r - a wand of acid (11)
 C - a wand of enslavement (19)
 I - a wand of flame (58)
 O - a wand of disintegration (4)
 R - a wand of iceblast (26)
Scrolls
 e - 4 scrolls of enchant armour
 k - 6 scrolls of remove curse
 m - 5 scrolls of amnesia
 n - 4 scrolls of blinking
 p - 3 scrolls of enchant weapon
 s - 11 scrolls of teleportation
 v - 8 scrolls of identify
 A - 2 scrolls of immolation
 E - a scroll of fear
 H - 2 scrolls of magic mapping
 L - a scroll of summoning
Potions
 d - 3 potions of cancellation
 u - 6 potions of curing
 x - 6 potions of lignification
 F - 6 potions of brilliance
 K - a potion of agility
 M - a potion of ambrosia
 S - 6 potions of heal wounds
 X - 2 potions of resistance
 Y - a potion of flight
Miscellaneous
 l - a sack of spiders
Comestibles
 f - 41 rations
 h - 4 chunks of flesh


   Skills:
 + Level 9.5 Fighting
 + Level 14.6 Axes
 + Level 3.9 Throwing
 + Level 9.0 Armour
 + Level 5.7 Dodging
 - Level 3.3 Stealth
 + Level 9.4 Shields
 + Level 3.5 Spellcasting
 + Level 3.6 Translocations
 * Level 10.4 Invocations
 + Level 2.7 Evocations


You had 18 spell levels left.
You knew the following spells:

 Your Spells              Type           Power        Failure   Level  Hunger
a - Blink                 Tloc           N/A          10%         2    #......

Your spell library contained the following spells:

 Spells                   Type           Power        Failure   Level  Hunger
 Gell's Gravitas          Tloc           ###.......   21%         3    ##.....
 Confusing Touch          Hex            #.....       28%         1    None
 Corona                   Hex            #......      28%         1    None
 Flame Tongue             Conj/Fire      #....        28%         1    None
 Freeze                   Ice            #...         28%         1    None
 Magic Dart               Conj           #...         28%         1    None
 Call Imp                 Summ           #.......     41%         2    #......
 Ensorcelled Hibernation  Hex/Ice        #.....       41%         2    #......
 Slow                     Hex            #.......     41%         2    #......
 Throw Flame              Conj/Fire      #.....       41%         2    #......
 Throw Frost              Conj/Ice       #.....       41%         2    #......
 Confuse                  Hex            #.......     65%         3    ##.....
 Conjure Flame            Conj/Fire      #.......     65%         3    ##.....
 Dazzling Spray           Conj/Hex       #.....       65%         3    ##.....
 Inner Flame              Hex/Fire       #.......     65%         3    ##.....
 Mephitic Cloud           Conj/Pois/Air  #.......     65%         3    ##.....
 Ozocubu's Armour         Chrm/Ice       #.......     65%         3    ##.....
 Tukima's Dance           Hex            #.......     65%         3    ##.....
 Petrify                  Tmut/Erth      #.......     96%         4    ####...
 Sticky Flame             Conj/Fire      #.......     96%         4    ####...
 Summon Ice Beast         Ice/Summ       #.......     96%         4    ####...
 Throw Icicle             Conj/Ice       #.......     96%         4    ####...
 Fireball                 Conj/Fire      #.........   100%        5    ######.
 Metabolic Englaciation   Hex/Ice        #.........   100%        5    ######.
 Yara's Violent Unravell  Hex/Tmut       #.........   100%        5    ######.


Dungeon Overview and Level Annotations

Branches:
Dungeon (15/15)            Temple (1/1) D:4            Lair (5/6) D:11
  Swamp (0/4) Lair:3        Snake (0/4) Lair:3        Slime (0/5) Lair:5
    Orc (0/2) D:12         Vaults (0/5) D:14         Depths (0/5) D:15

Altars:
Ashenzari
Cheibriados
Elyvilon
Fedhas
Hepliaklqana
Kikubaaqudgha
Makhleb
Okawaru
Qazlal
Ru
Trog
Uskayaw
Vehumet
Wu Jian
Xom
The Shining One
Jiyva

Shops:
D:5 [   D:11 :   D:13 (

Annotations:
Lair:1 3 runed translucent doors, Xysuja Ciut's ghost, journeyman NaFE


Innate Abilities, Weirdness & Mutations

You have hooves in place of feet.
You are surrounded by a moderate repulsion field. (EV +3)
You frequently emit foul miasma when damaged in melee.
You are immune to rotting.
You are agile. (Dex +2)
Your flesh is heat resistant. (rF+)
Your muscles are very strong. (Str +4)


Message History

You drain the soldier ant. You kick the soldier ant!
The soldier ant is heavily wounded.
You slash the fungus! You block the soldier ant's attack.
You hit the soldier ant. Your kick misses the soldier ant.
The soldier ant is heavily wounded.
You hit the fungus but do no damage. You block the soldier ant's attack.
You hit the soldier ant. You kick the soldier ant.
The soldier ant is severely wounded.
You hit the fungus. You block the soldier ant's attack.
You hit the soldier ant. You kick the soldier ant.
You kill the soldier ant!
Cheibriados appreciates the change of pace.
You hit the fungus but do no damage.
As you read the scroll of teleportation, it crumbles to dust.
You feel strangely unstable.
The entropy weaver mumbles some strange words.
The entropic weave corrodes you!
Your surroundings seem slightly different.
The entropy weaver hits you!
You die...

,,,,,,*,,,,,,,,.aaa,**,,*
≈*≈,,,**,,#.*,#!a$#*,,***
≈≈≈,,,,,***.###.#.####,*
≈≈≈≈**,**###.#....#..##*
≈≈≈≈≈...,.............#
≈≈≈≈≈≈.##.P..........##
≈≈≈≈≈≈................#
≈≈≈≈≈≈....#P....#.....#
≈≈≈≈≈≈..........@....##
≈≈≈≈≈≈≈...P..P..a.#P.#
..≈≈≈≈≈............§.#
...≈≈≈≈≈#P.P....P....###
###.≈≈≈.........a......#
..#.≈≈≈.#....P........##
..#.≈≈≈...............#
..#.≈≈≈.......#..#..a.#
#'#.≈≈≈........#.##.).#


You could see an entropy weaver and 2 soldier ants.

Vanquished Creatures
  Gastronok (D:11)
  Nessos (D:15)
  An entropy weaver (Lair:5)
  Snorg (D:11)
  A fire dragon (D:15)
  A rakshasa (D:14)
  Erolcha (D:11)
  An ice dragon (D:15)
  5 hydras
  Erica (D:11)
  A centaur warrior (D:14)
  A queen ant (Lair:5)
  3 two-headed ogres
  A tengu warrior (D:15)
  An unseen horror (D:14)
  A wizard (D:14)
  3 lindwurms
  A wolf spider zombie (D:14)
  A necromancer (Lair:5)
  15 ugly things
  3 deep elf magi
  2 oklob plants (D:11)
  3 cyclopes
  A manticore (D:13)
  4 black mambas
  Maurice (D:8)
  A molten gargoyle (Volcano)
  3 spiny frogs
  2 gargoyles
  2 centaur skeletons
  3 efreet
  A redback zombie (D:14)
  7 komodo dragons
  A harpy zombie (D:15)
  2 hornets
  5 trolls
  A polar bear (Lair:2)
  A bog body (Lair:3)
  A tengu conjurer (D:15)
  4 blink frogs (Lair:3)
  A hippogriff (shapeshifter) (D:15)
  7 dream sheep (Lair:5)
  8 hippogriffs
  4 vampires
  11 yaks
  2 wraiths
  5 shadows
  2 centaur simulacra (D:15)
  4 wyverns
  4 fire elementals
  4 basilisks
  A hungry ghost (D:9)
  8 vampire mosquitoes
  20 soldier ants
  An acid dragon (D:13)
  8 water moccasins
  7 porcupines
  Duvessa (D:5)
  Purgy (Sewer)
  A swamp drake (D:12)
  9 orc warriors
  6 ice beasts
  4 sky beasts
  An elephant zombie (Lair:5)
  A black bear (D:9)
  3 boggarts (D:15)
  3 eyes of draining
  7 necrophages
  11 ogres
  6 phantoms
  2 centaurs
  21 wolves
  7 crocodiles
  A komodo dragon zombie (Lair:5)
  3 big kobolds
  7 bullfrogs
  Dowan (D:5)
  5 earth elementals (Volcano)
  A wyvern skeleton (D:12)
  A water moccasin skeleton (D:5)
  7 scorpions
  27 killer bees
  7 wights
  4 howler monkeys
  5 electric eels (Lair:5)
  13 crimson imps
  6 centaur zombies
  A quasit (D:8)
  5 jellies
  6 orc priests
  5 hounds
  10 orc wizards
  2 bullfrog skeletons
  5 iguanas
  21 worker ants
  2 killer bee zombies (D:6)
  A hound skeleton (D:11)
  A howler monkey skeleton (D:11)
  3 gnolls
  17 adders
  3 shadow imps
  2 adder zombies
  An ooze (D:2)
  7 worms
  3 leopard geckos
  59 orcs
  3 ball pythons
  8 giant cockroaches
  15 goblins
  8 hobgoblins
  5 jackals
  27 kobolds
  6 quokkas
  4 bats
  8 frilled lizards
  3 quokka zombies
  4 rats
  4 fire vortices (Volcano)
  A fungus (Lair:3)
  3 plants
612 creatures vanquished.

Vanquished Creatures (others)
  An orc warrior (D:12)
  An orc priest (D:12)
  4 orcs (D:12)
  A fire vortex (Volcano)
  A fungus (Lair:1)
  11 plants
19 creatures vanquished.

Grand Total: 631 creatures vanquished

Notes
Turn   | Place    | Note
-------+----------+-------------------------------------------
     0 | D:1      | emperorscorpion the Demonspawn Fighter began the quest for
                  | the Orb.
     0 | D:1      | Reached XP level 1. HP: 18/18 MP: 1/1
    58 | D:1      | Gained mutation: You have large cloven feet. [demonic
                  | ancestry]
    58 | D:1      | Reached XP level 2. HP: 23/24 MP: 2/2
   114 | D:1      | Reached skill level 2 in Axes
   542 | D:1      | Gained mutation: You are surrounded by a mild repulsion
                  | field. (EV +2) [demonic ancestry]
   542 | D:1      | Reached XP level 3. HP: 29/29 MP: 3/3
  1015 | D:3      | Gained mutation: You are immune to rotting. [demonic
                  | ancestry]
  1015 | D:3      | Reached XP level 4. HP: 19/35 MP: 4/4
  1272 | D:3      | Reached skill level 3 in Axes
  2145 | D:2      | Reached XP level 5. HP: 29/41 MP: 5/5
  2191 | D:3      | Reached skill level 1 in Dodging
  2652 | D:3      | Reached skill level 4 in Axes
  2926 | D:4      | Found a staircase to the Ecumenical Temple.
  2933 | D:4      | Gained mutation: You are surrounded by a moderate repulsion
                  | field. (EV +3) [demonic ancestry]
  2933 | D:4      | Reached XP level 6. HP: 40/47 MP: 6/6
  2939 | Temple   | Entered the Ecumenical Temple
  3062 | Temple   | Became a worshipper of Cheibriados the Contemplative
  3332 | D:4      | Gained mutation: You have hoof-like feet. [demonic
                  | ancestry]
  3332 | D:4      | Reached XP level 7. HP: 26/53 MP: 7/7
  3600 | D:4      | Reached skill level 5 in Axes
  3862 | D:4      | Reached * piety under Cheibriados
  4129 | D:5      | Entered Level 5 of the Dungeon
  4148 | D:5      | Found Dan Yhyo's Antique Armour Boutique.
  4194 | D:5      | Found a shimmering altar of Xom.
  4195 | D:5      | Found a shimmering altar of Xom.
  4198 | D:5      | Found a shimmering altar of Xom.
  4198 | D:5      | Found a shimmering altar of Xom.
  4426 | D:5      | Gained mutation: You may emit foul miasma when damaged in
                  | melee. [demonic ancestry]
  4426 | D:5      | Reached XP level 8. HP: 50/60 MP: 8/8
  4495 | D:5      | Noticed Duvessa
  4496 | D:5      | Noticed Dowan
  4505 | D:5      | Killed Duvessa
  4505 | D:5      | Reached skill level 6 in Axes
  4505 | D:5      | Reached skill level 1 in Throwing
  4511 | D:5      | Killed Dowan
  4525 | D:5      | Found a glowing drain.
  4537 | Sewer    | Entered a sewer
  4577 | Sewer    | Noticed Purgy
  4587 | Sewer    | Killed Purgy
  4818 | D:5      | Reached ** piety under Cheibriados
  4931 | D:5      | Found a shattered altar of Ashenzari.
  5220 | D:6      | Reached skill level 5 in Shields
  5880 | D:7      | Reached skill level 5 in Armour
  5886 | D:7      | Reached skill level 1 in Stealth
  5888 | D:7      | Reached skill level 7 in Axes
  5919 | D:7      | Gained mutation: You are agile. (Dex +2) [potion of
                  | mutation]
  5919 | D:7      | Gained mutation: Your muscles are strong. (Str +2) [potion
                  | of mutation]
  5919 | D:7      | Gained mutation: Your muscles are very strong. (Str +4)
                  | [potion of mutation]
  5919 | D:7      | Gained mutation: Your flesh is heat resistant. (rF+)
                  | [potion of mutation]
  5921 | D:7      | Reached XP level 9. HP: 27/67 MP: 9/9
  5926 | D:7      | Reached skill level 5 in Fighting
  6152 | D:7      | Reached *** piety under Cheibriados
  6287 | D:7      | Found a blossoming altar of Fedhas.
  6388 | D:7      | Reached skill level 8 in Axes
  6767 | D:8      | Found a radiant altar of Vehumet.
  6778 | D:8      | Reached **** piety under Cheibriados
  7067 | D:8      | Found a burning altar of Makhleb.
  7075 | D:8      | Found a hide-covered altar of Uskayaw.
  7076 | D:8      | Found a stormy altar of Qazlal.
  7229 | D:8      | Noticed Maurice
  7269 | D:8      | Killed Maurice
  7269 | D:8      | Reached skill level 9 in Axes
  7566 | D:7      | Found an iron altar of Okawaru.
  7566 | D:7      | Found a glowing golden altar of the Shining One.
  7612 | D:9      | Reached XP level 10. HP: 76/76 MP: 10/10
  7874 | D:9      | Reached ***** piety under Cheibriados
  8034 | D:9      | Noticed a two-headed ogre
  8044 | D:9      | Killed a two-headed ogre
  8779 | D:9      | Reached skill level 10 in Axes
  9306 | D:10     | Entered Level 10 of the Dungeon
  9587 | D:10     | Noticed a gargoyle
  9600 | D:10     | Killed a gargoyle
 10144 | D:11     | Found Zellol's Book Emporium.
 10166 | D:11     | Gained mutation: You frequently emit foul miasma when
                  | damaged in melee. [demonic ancestry]
 10166 | D:11     | Reached XP level 11. HP: 76/83 MP: 11/11
 10217 | D:11     | Bought a book of Minor Magic for 300 gold pieces
 10220 | D:11     | Learned a level 2 spell: Blink
 10383 | D:11     | Noticed Erolcha
 10386 | D:11     | Killed Erolcha
 10401 | D:11     | Noticed Gastronok
 10417 | D:11     | Killed Gastronok
 10417 | D:11     | Reached skill level 1 in Spellcasting
 10417 | D:11     | Reached skill level 1 in Translocations
 10633 | D:11     | Noticed Snorg
 10644 | D:11     | Reached skill level 11 in Axes
 10668 | D:11     | Killed Snorg
 10710 | D:11     | Reached ****** piety under Cheibriados
 10798 | D:11     | Noticed an oklob plant
 10800 | D:11     | Noticed an oklob plant
 10810 | D:11     | Noticed Erica
 10819 | D:11     | Killed Erica
 10819 | D:11     | Reached skill level 1 in Evocations
 11008 | D:11     | Noticed a purple ugly thing
 11018 | D:11     | Killed a purple ugly thing
 11297 | D:12     | Noticed a white ugly thing
 11304 | D:12     | Killed a white ugly thing
 11433 | D:12     | Reached XP level 12. HP: 91/91 MP: 16/16
 11709 | D:12     | Found a staircase to the Orcish Mines.
 11710 | D:12     | Identified the ring of the Many Mice {*Corrode rF+++ rC-
                  | AC+3 Slay+6}
 12215 | D:13     | Reached skill level 12 in Axes
 12215 | D:13     | Reached skill level 1 in Invocations
 12964 | D:13     | Found Onteul's Weapon Emporium.
 13495 | D:14     | Noticed a seven-headed hydra
 13500 | D:14     | Killed a seven-headed hydra
 13528 | D:14     | Reached skill level 5 in Invocations
 13694 | D:14     | Noticed a rakshasa
 13701 | D:14     | Killed a rakshasa
 13757 | D:14     | Gained mutation: You have hooves in place of feet. [demonic
                  | ancestry]
 13757 | D:14     | Reached XP level 13. HP: 81/98 MP: 18/18
 13849 | D:14     | Reached skill level 5 in Dodging
 14045 | D:14     | You fall into a shaft and drop 1 floor!
 14045 | D:15     | Entered Level 15 of the Dungeon
 14101 | D:15     | Reached skill level 13 in Axes
 14125 | D:15     | Noticed a fire dragon
 14138 | D:15     | Killed a fire dragon
 14147 | D:15     | Found a staircase to the Depths.
 15456 | D:14     | Found a gate to the Vaults.
 15866 | D:15     | Noticed Nessos
 15871 | D:15     | Killed Nessos
 16192 | D:11     | Found a staircase to the Lair.
 16203 | D:11     | HP: 3/101 [acid (13)]
 16204 | Lair:1   | Entered Level 1 of the Lair of Beasts
 16868 | Lair:1   | Reached XP level 14. HP: 107/108 MP: 20/20
 17279 | Lair:1   | Found a runed translucent gate.
 17279 | Lair:1   | Found a runed translucent gate.
 17279 | Lair:1   | Found a runed translucent gate.
 17280 | Lair:1   | Noticed Xysuja Ciut's ghost (journeyman NaFE)
 17955 | Lair:2   | Reached skill level 14 in Axes
 18739 | Lair:3   | Found a staircase to the Snake Pit.
 18899 | Lair:3   | Found a staircase to the Swamp.
 19652 | Lair:4   | Found a hazy altar of Hepliaklqana.
 20179 | Lair:5   | Found a staircase to the Slime Pits.
 20179 | Lair:5   | Found a viscous altar of Jiyva.
 20200 | Lair:5   | Found a dark tunnel.
 20215 | Volcano  | Entered a volcano
 21122 | Lair:5   | Reached skill level 10 in Invocations
 21126 | Lair:5   | Noticed an entropy weaver
 21153 | Lair:5   | Noticed an entropy weaver
 21153 | Lair:5   | Killed an entropy weaver
 21168 | Lair:5   | HP: 2/108 [soldier ant (9)]
 21177 | Lair:5   | Mangled by an entropy weaver

Levels and vault maps discovered:
D:1:      minmay_arrival_plants_in_alcoves, layout_rooms, minmay_close_crescents
D:2:      layout_loops_cross, first_ration
D:3:      corexii_shack_village, layout_loops_ring
D:4:      layout_basic, minmay_temple_entry_ruins
D:5:      layout_gridville, overflow_temple_1_default, xom_redecorated,
          serial_shops, kennysheep_little_box, cheibrodos_sewer_entry_bend,
          serial_rivers, chequers_serial_rivers_micro_c,
          chequers_serial_rivers_micro_e, chequers_serial_rivers_micro_a,
          chequers_serial_rivers_marsh, chequers_serial_rivers_small_a,
          chequers_serial_rivers_large_a, minmay_joined_circles, uniq_duvessa
D:6:      layout_loops_corners
D:7:      layout_cave_pools, nicolae_overflow_hidden_temple, basic_altar,
          grunt_ogre_cave
D:8:      layout_basic, vehumet_altar_wand_db, minitemple, uniq_maurice
D:9:      layout_layer_cave, minivault_5
D:10:     layout_basic
D:11:     layout_basic, dpeg_oklobed_lair, serial_shops,
          nicolae_shop_window_shopping, uniq_erica, uniq_snorg, uniq_gastronok,
          uniq_erolcha
D:12:     layout_cave_pools, erik_orc_1, serial_park_tiny_pond,
          lemuel_flamethrower_3
D:13:     layout_loops_corners, serial_shops, shop
D:14:     layout_roguey, david_vaults_1, serial_bayou_pond_c
D:15:     grunt_enter_depths_hoard, layout_irregular_city, serial_park_tiny_2,
          grunt_ministairs_6, minmay_misc_feat_more_columns,
          kennysheep_two_boxes, uniq_nessos
Temple:   minmay_temple_curvy_branch
Lair:1:   layout_loops_ring, ebering_ghost_rock_garden, grunt_megastairs_4
Lair:2:   layout_cave_pods
Lair:3:   layout_roguey, skrybe_swamp_entry_bodies, dummy_snake_entry
Lair:4:   layout_cave_pods, basic_altar, roderic_carrion_pond
Lair:5:   pond_and_an_island_with_a_cottage, layout_long_grid, slime_altar_1,
          nicolae_volcano_entry_vermiform, zaba_anthell

Skill      XL: |  1  2  3  4  5  6  7  8  9 10 11 12 13 14 |
---------------+-------------------------------------------+-----
Axes           | 2 3 4 5 7 9 10 11 12 13 14 | 14.6
Armour         | 3 4 5 6 7 8 9 |  9.0
Shields        | 3 4 5 6 7 8 9 |  9.4
Dodging        | 1 2 3 4 5 |  5.7
Fighting       | 4 5 6 7 8 9 |  9.5
Throwing       | 1 2 3 |  3.9
Stealth        | 1 2 3 |  3.3
Spellcasting   | 3 |  3.5
Translocations | 3 |  3.6
Evocations     | 1 2 |  2.7
Invocations    | 5 8 10 | 10.4

Action                   |  1- 3 |  4- 6 |  7- 9 | 10-12 | 13-15 || total
-------------------------+-------+-------+-------+-------+-------++-------
Melee: War axe           |    93 |   203 |   274 |   538 |   399 ||  1507
       Kick              |    16 |    53 |    88 |       |   201 ||   358
Throw: Boomerang         |       |    14 |    13 |    23 |    34 ||    84
 Cast: Blink             |       |       |       |     2 |       ||     2
Invok: Step From Time    |       |       |       |       |     1 ||     1
       Temporal Distorti |       |       |       |       |     1 ||     1
Evoke: Wand              |       |       |     1 |    11 |    21 ||    33
  Use: Scroll            |     1 |       |    16 |       |    16 ||    33
       Potion            |       |     1 |     6 |     3 |     1 ||    11
 Stab: Sleeping          |       |       |       |     3 |     1 ||     4
       Distracted        |       |       |       |     1 |     1 ||     2
       Confused          |       |       |       |     1 |       ||     1
  Eat: Chunk             |       |     8 |     8 |    12 |    13 ||    41
Armor: Scale mail        |    62 |    82 |    75 |    97 |    15 ||   331
       Ice dragon scales |       |       |       |       |    75 ||    75
Dodge: Dodged            |    36 |    79 |   160 |   254 |   163 ||   692
Block: Shield            |    53 |    99 |   167 |   363 |   326 ||  1008
       Reflection        |       |       |       |       |     4 ||     4

Table legend:
 A = Non-vault XP
 B = Vault XP
 C = Vault XP percentage of total XP
 D = Non-vault monster count
 E = Vault monster count
 F = Vault count percentage of total count
                 A         B        C        D         E       F
            +---------+---------+-------+---------+---------+-------
      Total |   64725 |   27075 |  29.5 |     482 |     123 |  20.3
            +---------+---------+-------+---------+---------+-------
        D:1 |      37 |       6 |  14.0 |      22 |       4 |  15.4
        D:2 |     121 |       2 |   1.6 |      14 |       1 |   6.7
        D:3 |     181 |      23 |  11.3 |      27 |      12 |  30.8
        D:4 |     630 |       0 |   0.0 |      23 |       0 |   0.0
        D:5 |     692 |     391 |  36.1 |      18 |       9 |  33.3
        D:6 |     191 |       0 |   0.0 |       4 |       0 |   0.0
        D:7 |    1594 |     118 |   6.9 |      31 |       1 |   3.1
        D:8 |     811 |     446 |  35.5 |      21 |       2 |   8.7
        D:9 |    3847 |       0 |   0.0 |      33 |       0 |   0.0
       D:10 |    1252 |       0 |   0.0 |      19 |       0 |   0.0
       D:11 |    3778 |    6482 |  63.2 |      29 |       6 |  17.1
       D:12 |    3576 |     392 |   9.9 |      27 |      15 |  35.7
       D:13 |    7105 |       0 |   0.0 |      53 |       0 |   0.0
       D:14 |   12559 |    2835 |  18.4 |      36 |       4 |  10.0
       D:15 |    9649 |    4701 |  32.8 |      34 |       7 |  17.1
     Lair:1 |    4438 |     407 |   8.4 |      27 |       3 |  10.0
     Lair:2 |    2137 |       0 |   0.0 |       9 |       0 |   0.0
     Lair:3 |    4801 |     283 |   5.6 |      25 |       1 |   3.8
     Lair:4 |    3098 |     599 |  16.2 |       9 |       5 |  35.7
     Lair:5 |    4228 |    6802 |  61.7 |      21 |      33 |  61.1
      Sewer |       0 |     164 | 100.0 |       0 |       7 | 100.0
    Volcano |       0 |    3424 | 100.0 |       0 |      13 | 100.0
            +---------+---------+-------+---------+---------+-------
